 Dungeon Crawl Stone Soup version 0.28-a0-1493-g08698888e4 (webtiles) character file.

Game seed: 6098297215023591909

131 funkygono the Slasher (level 5, -1/38 (41) HPs)
             Began as a Human Cinder Acolyte on Jan 12, 2022.
             Was a High Priest of Ignis.
             Slain by an orc (3 damage)
             ... on level 3 of the Dungeon.
             The game lasted 00:03:14 (2883 turns).

funkygono the Slasher (Human Cinder Acolyte)        Turns: 2883, Time: 00:03:14

HP:   -1/38 (41)    AC:  5    Str: 17    XL:     5   Next: 37%
MP:   2/8           EV: 10    Int: 14    God:    Ignis [*****.]
Gold: 105           SH:  0    Dex:  8    Spells: 6/8 levels left

rFire   + + .      SeeInvis .   a - -1 falchion (flame)
rCold   . . .      Faith    .   (no shield)
rNeg    . . .      Spirit   .   d - +0 ring mail
rPois   .          Reflect  .   (no helmet)
rElec   .          Harm     .   (no cloak)
rCorr   .          Rampage  .   (no gloves)
Will    .....                   (no boots)
Stlth   ..........              (no amulet)
HPRegen 0.12/turn               c - ring of protection from fire
MPRegen 0.11/turn               (no ring)

@: drained
A: no striking features
a: Renounce Religion, Fiery Armour, Foxfire Swarm, Rising Flame


You were on level 3 of the Dungeon.
You worshipped Ignis.
Ignis was extremely pleased with you.
You visited 1 branch of the dungeon, and saw 3 of its levels.

You collected 105 gold pieces.

Inventory:

Hand Weapons
 a - a -1 falchion of flaming (weapon)
 g - a +0 long sword
Missiles
 e - a throwing net (quivered)
Armour
 b - a +0 robe
 d - a +0 ring mail (worn)
Jewellery
 c - a ring of protection from fire (left hand)
Potions
 f - a potion of curing {unknown}
 h - a potion of heal wounds {unknown}


   Skills:
 + Level 3.3 Fighting
 + Level 3.9 Long Blades
 + Level 0.6 Armour
 + Level 0.1 Dodging
 + Level 2.3 Spellcasting
 + Level 3.9 Fire Magic


You had 6 spell levels left.
You knew the following spells:

 Your Spells              Type           Power      Damage    Failure   Level
a - Scorch                Fire           24%        2d6       13%         2

Your spell library contained the following spells:

 Spells                   Type           Power      Damage    Failure   Level
 Magic Dart               Conj           4%         1d3       41%         1
 Call Imp                 Summ           1%         N/A       54%         2
 Mephitic Cloud           Conj/Pois/Air  1%         N/A       78%         3


Dungeon Overview and Level Annotations

Branches:
Dungeon (3/15)

Altars:
Cheibriados


Message History

Casting: Scorch (safe; 16% risk of failure)
Confirm with . or Enter, or press ? or * to list all spells.
Flames lash the wight.
The wight is burned terribly!
You destroy the wight!
A wight comes into view.
It is wielding a +2 morningstar of freezing.
Your Spellcasting skill increases to level 2!
You have reached level 5!
A hobgoblin comes into view.
The hobgoblin shouts!
You hear a shout!
An orc comes into view. It is wielding a +0 flail.
The orc shouts!
An orc comes into view. It is wielding a +0 club.
The hobgoblin hits you.
You hit the hobgoblin but do no damage. Your punch misses the hobgoblin.
An orc comes into view. It is wielding a +0 trident.
The hobgoblin barely misses you.
The orc shouts!
You hit the hobgoblin. You burn the hobgoblin.
The hobgoblin is severely wounded.
The hobgoblin hits you.
You hit the hobgoblin. You burn the hobgoblin.
You kill the hobgoblin!
The wight hits you from afar with a +5 halberd!
You feel drained. The orc hits you with a +0 flail!
* * * LOW HITPOINT WARNING * * *
As you read the scroll of summoning, it crumbles to dust.
Wisps of shadow whirl around you... The wight barely misses you.
Unknown command.
You hit the orc. You burn the orc.
The orc is heavily wounded.
The wight closely misses you.
Your quokka barely misses the wight.
You barely miss the orc.
The orc is heavily wounded.
The wight hits you from afar with a +5 halberd.
* * * LOW HITPOINT WARNING * * *
You feel drained.
* * * LOW HITPOINT WARNING * * *
Your quokka bites the wight but does no damage.
The orc hits you with a +0 club.
You die...

...#.....## #.
#.#.#.z..## #.
#.......[.#..≈ #.
#.....z....# ##
###.##z##### #)##.#
#.##.#
...#..#.#########.#
...##†#zzzr@ooo...#
#..##(########..###
#..##.# # #######
#..##.# .......
#..##.# #######
######..##.#
#..........#
#.####..#### #.##
#..#


You could see 3 wights, 3 orcs and a friendly quokka (summoned).

Vanquished Creatures
  A wight (D:3)
  3 adders (D:2)
  A worm (D:3)
  3 dart slugs (D:1)
  5 ball pythons
  3 endoplasms
  2 giant cockroaches
  8 hobgoblins
  5 kobolds
  A quokka (D:1)
  5 bats
  5 frilled lizards
  4 goblins
  4 rats
50 creatures vanquished.

Vanquished Creatures (others)
  3 plants (D:1)
3 creatures vanquished.

Grand Total: 53 creatures vanquished

Notes
Turn   | Place    | Note
-------+----------+-------------------------------------------
     0 | D:1      | funkygono the Human Cinder Acolyte began the quest for the
                  | Orb.
     0 | D:1      | Reached XP level 1. HP: 18/18 MP: 2/2
   233 | D:1      | Reached XP level 2. HP: 16/24 MP: 3/3
   238 | D:1      | Learned a level 2 spell: Scorch
   364 | D:1      | Found a faded altar of an unknown god.
   648 | D:1      | Reached XP level 3. HP: 25/29 MP: 4/4
  1112 | D:2      | Found a snail-covered altar of Cheibriados.
  1566 | D:2      | Reached XP level 4. HP: 22/35 MP: 1/6
  2873 | D:3      | Reached XP level 5. HP: 41/41 MP: 1/8
  2883 | D:3      | Slain by an orc

Illustrated notes

Levels and vault maps discovered:
D:1:      lightli_arrival_farm, layout_rooms,
          chequers_ecumenical_altar_simple_redux, st_stairs_9
D:2:      layout_basic, basic_altar
D:3:      layout_loops_ring, chequers_serial_rivers_micro_c,
          hangedman_decor_opposing, uniq_crazy_yiuf_cottage

Skill      XL: |  1  2  3  4 |
---------------+-------------+-----
Spellcasting   | 2 |  2.3
Fighting       | |  3.3
Long Blades    | |  3.9
Armour         | |  0.6
Dodging        | |  0.1
Fire Magic     | |  3.9

Action                   |  1- 3 |  4- 6 || total
-------------------------+-------+-------++-------
Melee: Falchion          |    61 |    13 ||    74
 Cast: Scorch            |    14 |    22 ||    36
  Use: Scroll            |     3 |     3 ||     6
Armor: Robe              |     2 |       ||     2
       Ring mail         |    14 |     4 ||    18
Dodge: Dodged            |    32 |     7 ||    39

Table legend: (Time is in decaauts)
 A = Elapsed time spent in this place.
 B = Non-inter-level travel time spent in this place.
 C = Inter-level travel time spent in this place.
 D = Time resting spent in this place.
 E = Time spent auto-exploring this place.
 F = Levels seen in this place.
 G = Mean time per level.
                   A        B        C        D        E       F      G
               +--------+--------+--------+--------+--------+-----+--------+
         Total |   2911 |   2814 |     97 |    137 |   2309 |   3 |  970.3 |
       Dungeon |   2911 |   2814 |     97 |    137 |   2309 |   3 |  970.3 |
               +--------+--------+--------+--------+--------+-----+--------+

Top non-repeatable levels by time:
     D:2: 1394 daAuts
     D:1: 966 daAuts
     D:3: 550 daAuts
